 Dungeon Crawl Stone Soup version 0.18.1-48-g4cf74bf (webtiles) character file.

616 nikopol the Skirmisher (level 7, -12/63 HPs)
             Began as a Minotaur Berserker on July 12, 2016.
             Was a Priest of Trog.
             Mangled by an ogre
             ... wielding a +0 giant spiked club
              (18 damage)
             ... on level 4 of the Dungeon.
             The game lasted 00:06:03 (3064 turns).

nikopol the Skirmisher (Minotaur Berserker)         Turns: 3064, Time: 00:06:04

Health: -12/63     AC:  7    Str: 21    XL:     7   Next: 21%
Magic:  6/6        EV: 12    Int:  4    God:    Trog [***...]
Gold:   242        SH:  0    Dex: 12    Spells: 0 memorised, 6 levels left

rFire  + . .     SeeInvis .     y - +0 trident
rCold  . . .     Gourm    .     q - +0 ring mail {rF+}
rNeg   . . .     Faith    .     (no shield)
rPois  .         Spirit   .     (helmet restricted)
rElec  .         Dismiss  .     (no cloak)
rCorr  .         Reflect  .     (no gloves)
SustAt .         Harm     .     r - +0 pair of boots
MR     .....     Rnd*Tele +     (no amulet)
Stlth  +.........               (no ring)
                                p - ring of teleportation (curse)

@: not resistant to hostile enchantments, very unstealthy
A: retaliatory headbutt, horns 2
a: Berserk, Trog's Hand, Burn Spellbooks, Renounce Religion


You were on level 4 of the Dungeon.
You worshipped Trog.
Trog was most pleased with you.
You were not hungry.

You visited 1 branch of the dungeon, and saw 4 of its levels.

You collected 242 gold pieces.

Inventory:

Hand Weapons
 a - a +0 spear
 y - a +0 trident (weapon)
Missiles
 v - 16 arrows (quivered)
Armour
 b - a +0 animal skin
 e - a +0 ring mail
 q - a +0 ring mail of fire resistance (worn)
 r - a +0 pair of boots (worn)
Jewellery
 p - a cursed ring of teleportation (left hand)
 w - an uncursed amulet of guardian spirit {unknown}
Wands
 u - a wand of random effects (33/48)
Scrolls
 d - 8 scrolls of identify {unknown}
 f - a scroll of fear {unknown}
 g - a scroll of remove curse {unknown}
 h - a scroll of enchant armour {unknown}
 i - a scroll of fog {unknown}
 m - a scroll of amnesia {unknown}
 o - 2 scrolls of teleportation {unknown}
 t - 2 scrolls of recharging {unknown}
 z - a scroll of immolation {unknown}
 A - a scroll of enchant weapon {unknown}
Potions
 k - 2 potions of curing {unknown}
 n - 2 potions of heal wounds {unknown}
 s - a potion of cancellation {unknown}
 x - a potion of might {unknown}
 B - a potion of flight {unknown}
 C - 2 potions of invisibility {unknown}
Books
 D - a book of Changes

   Spells                             Type                      Level
   a - Beastly Appendage              Transmutation                1
   b - Sticks to Snakes               Transmutation                2
   c - Spider Form                    Transmutation/Poison         3
   d - Ice Form                       Ice/Transmutation            4
   e - Blade Hands                    Transmutation                5
   Trog disapproves of the use of such an item.
Comestibles
 c - 5 bread rations
 l - 25 fruits


   Skills:
 + Level 6.1 Fighting
 + Level 5.9 Polearms
 + Level 5.2 Armour
 + Level 4.3 Dodging


You had 6 spell levels left.
You didn't know any spells.

Dungeon Overview and Level Annotations

Branches:
Dungeon (4/15)
 Temple: D:4-7

Altars:
Cheibriados
Dithmenos
Kikubaaqudgha


Innate Abilities, Weirdness & Mutations

You reflexively headbutt those who attack you in melee.
You have a pair of horns on your head.


Message History

Trog accepts your kill. The jackal closely misses you.
The ogre closely misses you.
You hit the ogre but do no damage.
The ogre is moderately wounded.
The jackal bites you but does no damage.
The jackal barely misses you.
You completely miss the ogre.
The ogre is moderately wounded.
The ogre barely misses you. The jackal closely misses you.
You hit the ogre.
The ogre is heavily wounded.
The jackal misses you.
The ogre hits you with a giant spiked club!!
* * * LOW HITPOINT WARNING * * *
The jackal bites you but does no damage.
You're too hungry to go berserk.
Eat which item? (? for menu, Esc to quit)
The jackal bites you but does no damage.
The ogre hits you with a giant spiked club!!
You die...

#...........#
#....########..
#############
#....'.........
#....#......##.
#....#......'..
#....#......###
#....#......#
#....#####.##
######### #.#
#@O..%# #.#
#†h...# #.#
+.._..# #.#
#.....# #.#
#.....# #.#
####### #)# #.#
#.#### #.....


You could see an ogre and a jackal.

Vanquished Creatures
  Sigmund (D:3)
  Duvessa (D:4)
  Dowan (D:4)
  An orc priest (D:4)
  Jessica (D:2)
  An iguana (D:4)
  2 worker ants (D:4)
  3 adders
  A gnoll (D:1)
  2 oozes
  An adder skeleton (D:4)
  5 worms
  6 dart slugs
  4 giant geckos
  13 orcs
  A ball python (D:3)
  4 bats (D:3)
  3 giant cockroaches (D:1)
  8 hobgoblins
  7 jackals
  8 kobolds
  A giant newt (D:2)
  7 goblins
  A quokka skeleton (D:4)
  8 rats
91 creatures vanquished.

Notes
Turn   | Place    | Note
--------------------------------------------------------------
     0 | D:1      | nikopol the Minotaur Berserker began the quest for the Orb.
     0 | D:1      | Reached XP level 1. HP: 19/19 MP: 0/0
   183 | D:1      | Reached XP level 2. HP: 26/27 MP: 1/1
   256 | D:1      | Reached skill level 4 in Fighting
   456 | D:1      | Reached XP level 3. HP: 32/33 MP: 2/2
   603 | D:1      | Reached ** piety under Trog
  1068 | D:2      | Reached XP level 4. HP: 32/41 MP: 3/3
  1252 | D:2      | Found a shadowy altar of Dithmenos.
  1286 | D:2      | Noticed Jessica
  1295 | D:2      | Killed Jessica
  1821 | D:3      | Reached skill level 5 in Fighting
  1840 | D:3      | Reached XP level 5. HP: 47/48 MP: 4/4
  1854 | D:3      | Reached *** piety under Trog
  1950 | D:3      | Noticed Sigmund
  1960 | D:3      | Killed Sigmund
  1960 | D:3      | Reached skill level 5 in Polearms
  1960 | D:3      | Reached XP level 6. HP: 56/56 MP: 5/5
  2220 | D:4      | Noticed Dowan
  2221 | D:4      | Noticed Duvessa
  2239 | D:4      | Killed Dowan
  2264 | D:4      | Killed Duvessa
  2264 | D:4      | Reached skill level 6 in Fighting
  2264 | D:4      | Reached skill level 5 in Armour
  2534 | D:4      | Reached XP level 7. HP: 63/63 MP: 6/6
  2568 | D:4      | Found an ancient bone altar of Kikubaaqudgha.
  3053 | D:4      | Found a snail-covered altar of Cheibriados.
  3064 | D:4      | Mangled by an ogre

Skill      XL: |  1  2  3  4  5  6 |
---------------+-------------------+-----
Fighting       | 4 5 6 |  6.1
Armour         | 3 4 5 |  5.2
Polearms       | 4 5 |  5.9
Dodging        | 3 4 |  4.3

Action                   |  1- 3 |  4- 6 |  7- 9 || total
-------------------------+-------+-------+-------++-------
Melee: Spear             |   100 |    94 |       ||   194
       Headbutt          |    11 |    19 |     9 ||    39
       Trident           |       |    52 |    41 ||    93
Invok: Berserk           |       |     2 |       ||     2
 Stab: Sleeping          |     2 |       |       ||     2
  Eat: Chunk             |     1 |     6 |     1 ||     8
       Fruit             |       |       |     1 ||     1
Armor: Animal skin       |     3 |       |       ||     3
       Ring mail         |    11 |    31 |    20 ||    62
Dodge: Dodged            |    26 |    49 |    32 ||   107
